Map: 16-Bit LE

Players

FailGamerxd

  • Race: Terran Terran
  • Spawn Location: 7:00

Infathom - Winner!

  • Race: Terran Terran
  • Spawn Location: 1:00

VOD

Have the link to the VOD?

Description

Time

  • Played on: Jan. 17, 2024, 11:35 p.m.
  • Length: 47:55
Show
View Real Time Build Order
Export as new Build Order

FailGamerxd Terran 

Build Orders:  

Get SALT Encoding   

  12  0:18  Supply Depot  
  12  0:23  SCV  
  13  0:35  SCV  
  14  0:39  Refinery  
  14  0:55  Barracks  
  14  0:58  SCV  
  15  1:10  SCV  
  16  1:22  SCV  
  17  1:41  Engineering Bay  
  17  1:43  SCV  
  18  1:55  SCV  
  18  2:00  Refinery  
  19  2:03  Barracks Reactor  
  19  2:07  SCV  
  20  2:40  Factory, SCV  
  21  3:00  SCV  
  22  3:12  SCV  
  23  3:23  Command Center  
  23  3:44  Command Center  
  23  3:50  Command Center  
  23  4:30  Orbital Command  
  23  4:34  Marine  
  23  4:35  Orbital Command  
  24  4:51  Terran Infantry Weapons Level 1  
  24  5:10  SCV  
  25  5:21  Marine x2  
  27  5:38  SCV  
  27  5:39  Marine x2  
  30  5:43  SCV  
  31  5:50  SCV  
  31  5:55  SCV  
  33  5:57  Marine x2  
  33  6:02  SCV  
  36  6:08  SCV  
  37  6:14  Marine, SCV  
  37  6:15  Marine  
  40  6:18  Barracks  
  40  6:32  Marine x2  
  40  6:33  Armory  
  42  6:45  Terran Infantry Armor Level 1  
  42  6:50  Factory Tech Lab  
  42  7:07  Barracks  
  42  7:11  SCV  
  43  7:17  SCV x3  
  46  7:23  SCV  
  46  7:29  SCV x3  
  50  7:36  Supply Depot, SCV  
  51  7:41  SCV x3  
  54  7:48  SCV  
  55  7:53  SCV x3  
  55  7:56  Barracks  
  58  8:00  SCV, Supply Depot  
  58  8:05  SCV x3  
  62  8:16  Marine x2  
  64  8:22  Supply Depot  
  64  8:34  Marine x2  
  64  8:37  Orbital Command  
  66  8:45  Supply Depot  
  66  8:46  Barracks  
  66  8:51  Marine  
  66  8:52  Marine  
  66  8:55  Terran Vehicle Weapons Level 1  
  68  8:59  Thor  
  74  9:07  Terran Infantry Weapons Level 2  
  74  9:09  Marine x2  
  76  9:19  Barracks Tech Lab  
  76  9:21  Barracks Reactor  
  76  9:23  Barracks Reactor  
  76  9:28  Marine x2  
  78  9:34  Barracks  
  78  9:42  Cyclone  
  80  9:46  Marine x2  
  82  10:04  Marine x2  
  84  10:11  Marine x2  
  84  10:12  Marine x4  
  92  10:14  Cyclone  
  92  10:21  Marine x2  
  94  10:29  Marine x4  
  94  10:30  Marine x2  
  100  10:35  Supply Depot  
  100  10:49  Terran Vehicle And Ship Armor Level 1  
  100  10:57  Marine x8  
  100  10:59  Supply Depot  
  108  11:04  Starport x2  
  108  11:21  Marine x8  
  108  11:22  Supply Depot  
  108  11:23  Terran Infantry Armor Level 2  
  116  11:42  Starport  
  116  11:43  Marine x6  
  116  11:44  Marine x2  
  116  11:45  Supply Depot  
  124  12:07  Marine x2  
  126  12:08  Supply Depot  
  126  12:12  Starport Tech Lab  
  126  12:14  Starport Tech Lab  
  126  12:31  Supply Depot  
  126  12:32  Fusion Core  
  126  12:33  Orbital Command  
  126  12:53  Supply Depot  
  126  13:14  Stimpack  
  126  13:16  Supply Depot  
  126  13:33  Battlecruiser x2  
  138  13:40  Supply Depot  
  138  13:42  Refinery  
  138  13:46  Refinery  
  138  13:52  Refinery  
  138  13:57  Refinery  
  138  14:05  Supply Depot  
  138  14:29  Supply Depot  
  138  14:34  Refinery  
  138  14:37  Battlecruiser  
  144  14:43  Refinery  
  144  14:53  Supply Depot  
  144  14:54  Combat Shield  
  144  15:17  Supply Depot  
  144  15:20  SCV  
  145  15:32  SCV  
  146  16:02  Weapon Refit  
  146  16:08  Battlecruiser  
  146  16:09  Battlecruiser  
  158  17:13  Battlecruiser x2  
  170  18:17  Battlecruiser x2  
  164  18:59  Starport Tech Lab  
  164  19:03  Terran Vehicle Weapons Level 2  
  164  19:21  Battlecruiser x2  
  164  20:25  Battlecruiser  
  164  20:26  Battlecruiser  
  143  21:06  Battlecruiser  
  143  21:11  Marine x4  
  149  21:12  Marine x4  
  124  21:29  Marine x6  
  124  21:30  Battlecruiser x2, Marine x2  
  141  21:46  Marine  
  137  21:47  Marine x7  
  144  22:04  Marine x2  
  144  22:05  Marine x6  
  151  22:10  Battlecruiser  
  156  22:22  Marine x3  
  156  22:23  Marine x5  
  161  22:34  Battlecruiser x2  
  173  22:40  Marine x4  
  173  22:41  Marine x4  
  173  22:58  Marine x2  
  170  23:14  Battlecruiser  
  175  23:40  Supply Depot  
  174  24:02  Battlecruiser  
  180  24:03  Supply Depot  
  180  24:12  Battlecruiser  
  146  24:18  Battlecruiser  
  122  24:26  Supply Depot  
  122  24:40  Terran Vehicle Weapons Level 3  
  122  24:49  Supply Depot  
  122  25:06  Battlecruiser  
  128  25:14  Supply Depot  
  128  25:23  Battlecruiser  
  134  25:40  Supply Depot  
  134  25:43  Command Center  
  134  25:58  Medivac  
  136  26:04  Supply Depot  
  136  26:10  Battlecruiser  
  142  26:26  Reaper  
  142  26:27  Marauder, Battlecruiser, Reaper x3  
  142  26:28  Medivac  
  156  26:33  SCV x2  
  158  26:45  SCV x2  
  160  26:57  SCV x2  
  160  26:58  Medivac  
  164  27:09  SCV x2  
  164  27:14  Medivac  
  160  27:17  Terran Vehicle And Ship Armor Level 2  
  160  27:21  SCV x2  
  134  27:51  Barracks Reactor  
  134  27:55  SCV x2  
  135  27:58  Marine x2  
  135  27:59  Marine x5  
  141  28:07  SCV x2  
  141  28:16  Marine x4  
  141  28:17  Marine x3  
  141  28:19  SCV  
  147  28:20  SCV  
  148  28:34  Marine x4  
  140  29:33  Terran Ship Weapons Level 1  
  140  30:14  Marine x4  
  140  30:15  Marine x5  
  149  30:32  Marine x5  
  149  30:33  Marine x3  
  139  31:44  Terran Vehicle And Ship Armor Level 3  
  139  31:48  Terran Infantry Weapons Level 3  
  30  34:04  Marine  
  30  34:05  Marine x5  
  30  34:06  Marine x3  
  39  34:22  Marine x2  
  39  34:23  Marine x5  
  39  34:24  Marine x2  
  48  34:40  Marine x3  
  48  34:41  Marine x5  
  48  34:42  Marine  
  55  34:58  Marine x4  
  55  34:59  Marine x5  
  62  35:17  Marine  
  59  35:51  Bunker  
  37  36:21  Bunker  
  34  36:30  Orbital Command  
  34  36:52  Bunker  
  34  37:23  Marine x5  
  34  37:24  Marine x4  
  40  37:41  Marine x6  
  40  37:42  Marine x3  
  49  37:58  Marine  
  49  37:59  Marine x7  
  49  38:00  Marine  
  58  38:16  Marine x2  
  58  38:17  Marine x7  
  67  38:21  Command Center  
  67  38:34  Marine x3  
  67  38:35  Marine x6  
  76  38:52  Marine x2  
  78  39:27  Medivac  
  78  39:28  Medivac x2  
  84  39:54  Refinery  
  84  40:00  Refinery  
  84  40:01  Marine x5  
  84  40:02  Marine x4  
  93  40:18  Marine  
  93  40:19  Marine  
  95  40:28  Marine  
  95  40:29  Marine x6  
  102  40:36  Marine x2  
  104  40:46  Marine x3  
  104  40:47  Marine x4  
  111  40:54  Marine x2  
  113  41:04  Marine x2  
  113  41:06  Medivac  
  113  41:08  Marine x2  
  113  41:09  Marine x3  
  122  41:12  Marine x2  
  124  41:22  Marine x2  
  126  41:26  Marine x2  
  126  41:27  Marine  
  129  42:37  Marine x8  
  129  42:38  Marine  
  138  42:54  Marine  
  138  42:55  Marine x8  
  46  43:32  Marine x3  
  46  43:33  Marine x6  
  54  43:49  SCV  
  54  43:50  Marine x4  
  54  43:51  Marine x5  
  59  44:14  SCV  
  44  45:06  SCV  
Show
View Real Time Build Order
Export as new Build Order

Infathom Terran - Winner!

Build Orders:  

Get SALT Encoding   

  12  0:00  SCV  
  13  0:12  SCV  
  14  0:19  Supply Depot  
  14  0:24  SCV  
  15  0:40  SCV  
  15  0:42  Barracks  
  16  0:53  SCV  
  17  0:57  Refinery  
  17  1:05  SCV  
  18  1:17  SCV  
  19  1:34  Command Center  
  19  1:37  Orbital Command  
  19  1:41  Barracks Reactor  
  19  1:48  Supply Depot  
  19  2:02  SCV  
  20  2:14  SCV  
  21  2:24  Command Center  
  21  2:29  SCV  
  22  2:35  Engineering Bay  
  22  2:44  Barracks  
  22  2:45  SCV  
  23  2:55  Orbital Command  
  23  3:00  SCV  
  24  3:08  Engineering Bay  
  24  3:14  SCV  
  25  3:23  SCV  
  25  3:26  SCV  
  27  3:31  Barracks Tech Lab  
  27  3:35  SCV  
  27  3:37  Orbital Command  
  27  3:38  SCV  
  27  3:40  Terran Infantry Weapons Level 1  
  29  3:41  Terran Infantry Armor Level 1  
  29  3:45  Marine  
  29  3:46  Marine  
  29  3:47  SCV  
  32  3:50  SCV  
  33  3:58  Stimpack  
  33  3:59  SCV  
  34  4:04  SCV x2  
  36  4:11  SCV  
  36  4:16  SCV  
  38  4:29  Command Center  
  38  4:34  SCV  
  38  4:35  SCV x2  
  38  4:38  Command Center  
  41  4:46  SCV  
  41  4:47  SCV x2  
  44  4:56  Factory  
  44  4:59  SCV x3  
  47  5:30  Refinery  
  47  5:31  Command Center, SCV x3  
  47  5:33  Command Center  
  50  5:42  Armory  
  50  5:43  SCV x3  
  50  5:47  Orbital Command  
  53  5:52  Orbital Command  
  53  5:55  SCV  
  54  6:01  SCV x2  
  56  6:07  SCV  
  57  6:13  SCV x2  
  59  6:28  SCV x3  
  59  6:29  SCV x2  
  64  6:40  SCV x2  
  64  6:41  SCV  
  64  6:46  Refinery  
  67  6:47  Terran Infantry Weapons Level 2  
  67  6:48  Refinery  
  67  6:49  Terran Infantry Armor Level 2  
  67  6:50  SCV  
  67  6:51  SCV  
  67  6:52  Orbital Command  
  69  6:57  Command Center, SCV x2  
  69  6:58  SCV  
  72  7:30  Barracks  
  72  7:31  Barracks  
  72  7:32  Barracks  
  72  7:34  Barracks  
  72  7:35  Barracks  
  72  7:36  Barracks x2  
  72  7:44  Barracks x2  
  72  7:46  Barracks  
  72  7:52  Barracks  
  72  8:03  Barracks x2  
  72  8:08  Barracks x3  
  72  8:09  Barracks  
  72  8:10  Orbital Command x2  
  72  8:11  Barracks  
  72  8:13  Barracks  
  72  8:14  Barracks  
  72  8:26  Command Center  
  72  8:31  Barracks Reactor x3  
  72  8:32  Barracks Reactor x4  
  72  8:55  Barracks Reactor x2  
  72  8:56  Barracks Reactor x5  
  72  8:58  Barracks  
  72  9:00  Barracks  
  72  9:01  Barracks Reactor  
  72  9:02  Barracks Reactor  
  72  9:04  Barracks  
  72  9:07  Barracks Reactor  
  72  9:09  Barracks Reactor  
  72  9:14  Marine x11  
  72  9:15  Marine x6  
  89  9:32  Marine x16  
  89  9:33  Marine  
  106  9:38  Marine  
  106  9:39  Marine x17  
  106  9:43  Marine  
  106  9:44  Marine  
  106  9:45  Marine  
  127  9:46  Marine x2  
  127  9:49  Marine  
  127  9:50  Marine x16  
  146  9:56  Marine  
  146  9:57  Marine x4  
  151  10:20  Supply Depot x2  
  151  10:22  Supply Depot  
  151  10:23  Supply Depot x2  
  151  10:24  Supply Depot x2  
  151  10:28  Barracks Reactor x3  
  151  10:33  Orbital Command  
  151  10:41  Marine x8  
  151  10:42  Marine x8  
  167  10:44  Marine x22  
  167  10:46  Supply Depot  
  167  10:47  Supply Depot  
  189  10:57  Command Center  
  189  10:59  Marine  
  189  11:00  Marine x2  
  189  11:02  Marine x4  
  189  11:03  Command Center  
  196  11:05  Barracks x2  
  196  11:06  Barracks x2  
  196  11:07  Barracks  
  196  11:09  Barracks  
  196  11:10  Barracks  
  196  11:11  Barracks  
  196  11:13  Barracks  
  196  11:38  Barracks  
  196  11:39  Barracks x3  
  196  11:41  Barracks  
  196  11:46  Barracks  
  196  11:59  Barracks  
  196  12:01  Barracks  
  196  12:02  Barracks  
  196  12:03  Barracks  
  196  12:06  Barracks x2  
  196  12:12  Barracks  
  196  12:14  Barracks x2  
  196  12:19  Sensor Tower  
  196  12:21  Sensor Tower  
  196  12:29  Sensor Tower  
  196  12:32  Sensor Tower  
  196  12:37  Sensor Tower, Marine  
  196  12:38  Sensor Tower, Marine x3  
  196  12:39  Barracks  
  200  12:50  Barracks Reactor x2  
  200  12:51  Barracks Reactor x11  
  200  13:00  Barracks Reactor  
  200  13:09  Sensor Tower  
  200  13:41  Sensor Tower  
  200  14:14  Barracks x3  
  200  14:16  Barracks  
  200  14:17  Barracks  
  200  14:18  Barracks  
  200  14:30  Barracks  
  200  14:31  Barracks x2, Barracks Reactor  
  200  14:32  Barracks Reactor x6  
  200  14:33  Barracks Reactor x5  
  200  14:34  Barracks  
  200  14:37  Barracks  
  200  14:50  Refinery  
  200  14:51  Refinery  
  200  14:53  Refinery x2  
  200  14:56  Refinery x2  
  200  14:59  Refinery  
  200  15:07  Barracks  
  200  15:08  Barracks  
  200  15:09  Barracks, Barracks Reactor x4  
  200  15:10  Barracks Reactor x3  
  200  15:11  Barracks  
  200  15:12  Barracks  
  200  15:13  Barracks  
  200  15:21  Barracks Reactor x3  
  200  15:22  Barracks  
  200  15:24  Barracks  
  200  15:26  Barracks  
  200  15:30  Barracks  
  200  16:02  Barracks  
  200  16:08  Barracks  
  200  16:09  Barracks x2  
  200  16:10  Barracks  
  200  16:13  Barracks  
  200  16:22  Barracks Reactor x2  
  200  16:23  Barracks Reactor x6  
  200  16:37  Barracks Reactor x2  
  200  16:38  Barracks Reactor x2  
  200  17:00  Barracks  
  200  17:17  Barracks Reactor x5  
  200  17:18  Barracks Reactor  
  200  17:29  Orbital Command  
  200  17:38  Terran Infantry Armor Level 3, Terran Infantry Weapons Level 3  
  180  19:11  Command Center  
  180  19:13  Command Center  
  180  19:20  Command Center  
  180  19:25  Command Center  
  180  19:28  Command Center  
  180  19:34  Command Center  
  180  19:45  Command Center  
  180  19:48  Command Center  
  167  20:09  Marine  
  167  20:10  Marine x18  
  167  20:11  Marine x17  
  196  20:37  Planetary Fortress  
  160  21:01  Planetary Fortress  
  147  21:35  Marine  
  147  21:36  Marine x26  
  147  21:37  Marine x27  
  200  22:07  Planetary Fortress  
  200  22:08  Planetary Fortress  
  200  22:29  Command Center  
  200  22:30  Command Center x2  
  200  22:34  Command Center  
  200  23:11  Command Center  
  200  23:17  Command Center  
  197  23:22  Command Center  
  154  24:34  Marine x9  
  154  24:35  Marine x28  
  154  24:36  Marine x9  
  200  24:44  Command Center  
  199  24:52  Command Center  
  199  25:16  Command Center  
  197  25:31  Command Center x2  
  189  26:22  Marine x10  
  189  26:23  Marine  
  195  28:19  Command Center  
  195  28:21  Command Center  
  195  28:22  Command Center  
  195  28:24  Command Center  
  195  28:25  Command Center  
  195  28:26  Command Center  
  195  28:27  Command Center x2  
  195  28:29  Command Center  
  194  28:36  Command Center  
  189  29:40  Planetary Fortress  
  189  29:41  Planetary Fortress  
  189  29:42  Planetary Fortress  
  189  29:52  Planetary Fortress  
  189  31:17  Bunker  
  189  31:19  Bunker x2  
  189  31:21  Bunker  
  189  31:22  Bunker  
  189  31:23  Bunker x2  
  46  33:07  Marine x5  
  46  33:08  Marine x27  
  46  33:09  Marine x30  
  46  33:10  Marine x29  
  46  33:11  Marine x30  
  46  33:12  Marine x28  
  195  33:25  Marine x5  
  192  35:25  Marine x8  
  200  36:00  Orbital Command  
  198  37:19  Command Center  
  198  37:20  Refinery  
  198  37:22  Refinery  
  194  38:00  Command Center  
  193  38:23  Orbital Command  
  192  40:20  Orbital Command  
  192  40:26  Orbital Command  
  192  40:33  Orbital Command  
  192  40:38  Orbital Command  
  192  40:39  Orbital Command  
  192  40:49  Barracks Reactor  
  192  40:50  Barracks Reactor x7  
  192  42:44  Bunker  
  87  44:25  Marine  
  87  44:26  Marine x11  
  100  44:43  Marine  
  100  44:44  Marine x10  
  109  45:01  Marine x7  
  109  45:02  Marine x4  
  119  45:19  Marine x10  
  119  45:20  Marine  
  122  45:37  Marine x3  
Tags
 
Matchup
TvT
Race
Terran
Spawn Locations
Cross Positions
Add a new tag
Caveats
  • Supply blocks, unpowered buildings, or Contaminate may cause inaccurate times.
  • Supply counts are checked every 10 seconds.